General information
	        
			
        
        - name: BNet
 
        - type: Ladder 1vs1/FFA
 
        - host: Battle.net
 
        - saver: BEAR_AND
 
        
map: SecretValley 
        - players: 2
 
        - length: 24:03
 
        - speed: Fast
 - version: 1.22 W3XP
 - replay type:  

 
» download(107 KB)
Players
        team 1 (winner) 
              
              
BEAR_AND (
yellow | 143 APM | 3441 actions | 24:03)
              
 6 Mountain King 
 3 Storm Bolt
 2 Bash
 1 Avatar
 4 Paladin 
 2 Holy Light
 2 Divine Shield
 
                » actions 
                
                | Assign group hotkey | 30 |  | 
| Basic commands | 29 |  | 
| Build / train | 119 |  | 
| Enter build submenu | 52 |  | 
| Enter hero's abilities submenu | 11 |  | 
| Give item / drop item | 5 |  | 
| Remove unit from queue | 6 |  | 
| Right click | 1643 |  | 
| Select / deselect | 441 |  | 
| Select group hotkey | 975 |  | 
| Use ability | 130 |  | 
                3441 total
 » units 
                
                | Peasant | 19 |  | 
| Footman | 5 |  | 
| Gryphon Rider | 9 |  | 
| Dragonhawk Rider | 3 |  | 
                36 total
 » upgrades
                
                | Masonry | 3 |  | 
| Lumber Harvesting | 2 |  | 
| Swords | 3 |  | 
| Animal War Training | 1 |  | 
| Magic Sentry | 1 |  | 
| Storm Hammers | 1 |  | 
| Armor | 2 |  | 
| Cloud | 1 |  | 
                14 total
 » buildings
                
                | Altar of Kings | 1 |  | 
| Barracks | 1 |  | 
| Farm | 14 |  | 
| Town Hall | 3 |  | 
| Arcane Vault | 1 |  | 
| Scout Tower | 40 |  | 
| Lumber Mill | 1 |  | 
| Arcane Tower | 2 |  | 
| Guard Tower | 28 |  | 
| Keep | 3 |  | 
| Blacksmith | 1 |  | 
| Castle | 1 |  | 
| Gryphon Aviary | 3 |  | 
| Arcane Sanctum | 1 |  | 
                100 total
 » build order
                00:07 Altar of Kings
00:22 Barracks
00:35 Farm
00:51 Farm
01:36 Farm
03:52 Farm
04:31 Town Hall
04:34 Arcane Vault
04:39 Scout Tower
04:42 Lumber Mill
04:55 Scout Tower
05:02 Scout Tower
05:03 Scout Tower
05:12 Arcane Tower
05:16 Scout Tower
05:17 Scout Tower
05:29 Arcane Tower
06:06 Guard Tower
06:07 Guard Tower
06:08 Scout Tower
06:08 Scout Tower
06:10 Guard Tower
06:37 Guard Tower
06:38 Guard Tower
06:42 Keep
06:42 Keep
06:49 Scout Tower
06:51 Scout Tower
07:03 Guard Tower
07:56 Guard Tower
07:57 Guard Tower
08:35 Blacksmith
08:37 Farm
08:37 Farm
08:38 Farm
08:38 Farm
08:58 Scout Tower
08:58 Scout Tower
09:01 Scout Tower
09:02 Scout Tower
09:03 Scout Tower
09:05 Castle
09:08 Gryphon Aviary
09:09 Gryphon Aviary
09:11 Gryphon Aviary
09:28 Guard Tower
10:26 Scout Tower
10:27 Scout Tower
10:27 Scout Tower
10:28 Scout Tower
10:51 Farm
10:51 Farm
10:52 Farm
10:52 Farm
10:54 Farm
10:54 Farm
10:55 Guard Tower
10:57 Guard Tower
11:04 Guard Tower
11:24 Arcane Sanctum
11:26 Guard Tower
14:50 Guard Tower
14:53 Scout Tower
14:54 Scout Tower
14:54 Scout Tower
14:55 Scout Tower
16:15 Guard Tower
16:16 Guard Tower
16:17 Guard Tower
16:38 Guard Tower
16:42 Guard Tower
18:02 Scout Tower
18:02 Scout Tower
18:03 Scout Tower
18:04 Scout Tower
18:06 Scout Tower
18:44 Guard Tower
18:46 Scout Tower
18:46 Scout Tower
18:47 Scout Tower
18:47 Scout Tower
19:14 Guard Tower
19:17 Town Hall
19:38 Guard Tower
19:38 Guard Tower
19:42 Guard Tower
19:44 Scout Tower
19:45 Scout Tower
19:46 Scout Tower
19:47 Scout Tower
20:12 Guard Tower
21:54 Town Hall
21:55 Scout Tower
21:56 Scout Tower
21:57 Scout Tower
22:13 Guard Tower
22:33 Guard Tower
23:03 Guard Tower
» items
                
                | Potion of Lesser Invulnerability | 1 |  | 
| Lesser Clarity Potion | 3 |  | 
| Potion of Healing | 1 |  | 
| Staff of Sanctuary | 2 |  | 
| Scroll of Town Portal | 3 |  | 
| Scroll of Regeneration | 1 |  | 
                11 total
  
               team 2 (loser) 
              
              
» 
YuckyYucky (
blue | 171 APM | 4119 actions | 24:01)
              
 5 Death Knight 
 3 Death Coil
 2 Unholy Aura
 4 Lich 
 2 Frost Nova
 2 Dark Ritual
 
                » actions 
                
                | Assign group hotkey | 56 |  | 
| Basic commands | 13 |  | 
| Build / train | 69 |  | 
| ESC pressed | 6 |  | 
| Enter build submenu | 17 |  | 
| Enter hero's abilities submenu | 9 |  | 
| Give item / drop item | 2 |  | 
| Right click | 1696 |  | 
| Select / deselect | 385 |  | 
| Select group hotkey | 1767 |  | 
| Use ability | 98 |  | 
                4119 total
 » units 
                
                | Acolyte | 11 |  | 
| Ghoul | 4 |  | 
| Crypt Fiend | 19 |  | 
| Obsidian Statue | 13 |  | 
                47 total
 » upgrades
                » buildings
                
                | Crypt | 1 |  | 
| Altar of Darkness | 1 |  | 
| Ziggurat | 9 |  | 
| Graveyard | 1 |  | 
| Tomb of Relics | 1 |  | 
| Halls of the Dead | 1 |  | 
| Slaughterhouse | 1 |  | 
| Black Citadel | 1 |  | 
| Spirit Tower | 2 |  | 
                18 total
 » build order
                00:03 Crypt
00:10 Altar of Darkness
00:34 Ziggurat
00:58 Graveyard
01:26 Ziggurat
02:15 Tomb of Relics
03:23 Halls of the Dead
04:04 Ziggurat
06:28 Slaughterhouse
07:33 Black Citadel
08:07 Ziggurat
08:48 Ziggurat
12:27 Ziggurat
13:34 Ziggurat
13:34 Ziggurat
14:50 Spirit Tower
16:40 Ziggurat
18:20 Spirit Tower
» items
                
                | Rod of Necromancy | 1 |  | 
| Potion of Healing | 1 |  | 
| Scroll of Town Portal | 1 |  | 
| Potion of Invisibility | 1 |  | 
| Orb of Corruption | 1 |  | 
                5 total
  
                Chat log
          (00:41 / All) YuckyYucky: hi gl
(03:20 / All) BEAR_AND: tp
(23:45 / All) YuckyYucky: ghg
(23:47 / All) BEAR_AND: gg